AA - U28
SHREVEPORT ENGINEERS @ FRISCO ROUGHRIDERS
08/13/2052
 
TOP OF THE 1ST
Midland RockHounds batting - Pitching for San Antonio Missions : RHP Rudi Hawks
Pitching: RHP Rudi Hawks
Batting: RHB Courtland Burroughs 0-0: Foul Ball, location: 2F
0-1: Ball
1-1: SINGLE (Groundball, 4MD, EV 98.8 MPH)
Batting: LHB Travis Hatcher 0-0: Ball
1-0: Foul Ball, location: 2F
1-1: Ball
Wild Pitch!
Courtland Burroughs to second
2-1: Ground out 4-3 (Groundball, 4, EV 89.4 MPH)
Courtland Burroughs to third
Batting: LHB Condelo Mendez 0-0: Ball
1-0: Ball
2-0: Ball
3-0: Base on Balls
Batting: LHB Vernon Jones 0-0: Fly out, F8 (Flyball, 8LXD, EV 103.1 MPH)
Runner from 3rd tags up, SCORES, no throw by CF
Batting: RHB Jameson Cooper 0-0: Foul Ball, location: 2F
0-1: Foul Ball, location: 2F
0-2: Strikes out swinging
Top of the 1st over - 1 run, 1 hit, 0 errors, 1 left on base; Midland 1 - San Antonio 0
BOTTOM OF THE 1ST
San Antonio Missions batting - Pitching for Midland RockHounds : RHP Alex Urena
Pitching: RHP Alex Urena
Batting: LHB A.J. De Luis 0-0: Swinging Strike
0-1: Ground out U3 (Groundball, 13, EV 82.5 MPH)
Batting: LHB Preston Dice 0-0: Called Strike
0-1: Ball
1-1: Ball
2-1: SINGLE (Groundball, 3D, EV 98.1 MPH)
Batting: LHB Juan Carrazana 0-0: Ball
Preston Dice steals 2nd base
1-0: Ground out 5-3 (Groundball, 5, EV 105.0 MPH)
Batting: SHB Jeremy Fleming 0-0: Ball
1-0: Ball
Wild Pitch!
Preston Dice to third
2-0: Ball
3-0: Base on Balls
Batting: LHB Bradley Anderson 0-0: Called Strike
0-1: Called Strike
0-2: Ball
1-2: Strikes out swinging
Bottom of the 1st over - 0 runs, 1 hit, 0 errors, 2 left on base; Midland 1 - San Antonio 0
TOP OF THE 2ND
Midland RockHounds batting - Pitching for San Antonio Missions : RHP Rudi Hawks
Batting: LHB Bruce Finley 0-0: Ball
1-0: Ball
2-0: Called Strike
2-1: Called Strike
2-2: SINGLE (Line Drive, 7LS, EV 100.0 MPH)
Batting: RHB Ryan Curet 0-0: Called Strike
0-1: Ball
1-1: Foul Ball, location: 2F
1-2: Ball
2-2: DOUBLE (Line Drive, 9LS, EV 105.0 MPH)
Bruce Finley to third
Batting: RHB Orlando Sosa 0-0: Called Strike
0-1: Called Strike
0-2: Ball
1-2: Strikes out swinging
Batting: RHB Jesus Vialpando 0-0: Ball
1-0: SINGLE (Groundball, 6D, EV 107.5 MPH)
Bruce Finley scores
Ryan Curet to third
Runner from 3rd tries for Home, SAFE, throw by LF to home
Batting: RHB Courtland Burroughs 0-0: Swinging Strike
0-1: Ball
1-1: Ball
2-1: Foul Ball, location: 2F
2-2: Foul Ball, location: 2F
2-2: Ball
3-2: Strikes out swinging
Batting: LHB Travis Hatcher 0-0: Called Strike
0-1: Swinging Strike
0-2: Foul Ball, location: 2F
0-2: Ball
1-2: Strikes out swinging
Top of the 2nd over - 2 runs, 3 hits, 0 errors, 1 left on base; Midland 3 - San Antonio 0
BOTTOM OF THE 2ND
San Antonio Missions batting - Pitching for Midland RockHounds : RHP Alex Urena
Batting: LHB Marvin Rivas 0-0: Swinging Strike
0-1: Called Strike
0-2: Strikes out swinging
Batting: RHB Ruben Ruiz 0-0: Called Strike
0-1: Foul Ball, location: 2F
0-2: Ball
1-2: Foul Ball, location: 2F
1-2: Strikes out swinging
Batting: LHB Caleb Jacobsen 0-0: Ground out 4-3 (Groundball, 4, EV 84.4 MPH)
Bottom of the 2nd over - 0 runs, 0 hits, 0 errors, 0 left on base; Midland 3 - San Antonio 0
TOP OF THE 3RD
Midland RockHounds batting - Pitching for San Antonio Missions : RHP Rudi Hawks
Batting: LHB Condelo Mendez 0-0: Ball
1-0: Ball
2-0: Ball
3-0: Base on Balls
Batting: LHB Vernon Jones 0-0: Ball
1-0: Swinging Strike
1-1: Fly out, F8 (Flyball, 8RD, EV 94.4 MPH)
Batting: RHB Jameson Cooper 0-0: Called Strike
0-1: Ball
1-1: Foul Ball, location: 2F
1-2: Ball
2-2: Foul Ball, location: 2F
2-2: Ball
3-2: Foul Ball, location: 2F
3-2: Foul Ball, location: 2F
3-2: Fly out, F8 (Flyball, 8LD, EV 86.9 MPH)
Batting: LHB Bruce Finley 0-0: Fly out, F7 (Flyball, 7S, EV 86.9 MPH)
Top of the 3rd over - 0 runs, 0 hits, 0 errors, 1 left on base; Midland 3 - San Antonio 0
BOTTOM OF THE 3RD
San Antonio Missions batting - Pitching for Midland RockHounds : RHP Alex Urena
Batting: RHB Kenny Fragola 0-0: Ball
1-0: Foul Ball, location: 2F
1-1: Swinging Strike
1-2: Strikes out swinging
Batting: LHB A.J. De Luis 0-0: Ball
1-0: Ball
2-0: Ball
3-0: Foul Ball, location: 2F
3-1: Ground out 6-3 (Groundball, 4MS, EV 61.2 MPH)
Batting: LHB Preston Dice 0-0: Called Strike
0-1: Ball
1-1: Swinging Strike
1-2: Ball
2-2: Strikes out looking
Bottom of the 3rd over - 0 runs, 0 hits, 0 errors, 0 left on base; Midland 3 - San Antonio 0
TOP OF THE 4TH
Midland RockHounds batting - Pitching for San Antonio Missions : RHP Rudi Hawks
Batting: RHB Ryan Curet 0-0: Ball
1-0: Ball
2-0: Swinging Strike
2-1: Foul Ball, location: 2F
2-2: Ball
3-2: Foul Ball, location: 2F
3-2: Strikes out swinging
Batting: RHB Orlando Sosa 0-0: Swinging Strike
0-1: Called Strike
0-2: Ball
1-2: Ball
2-2: Ball
3-2: Strikes out swinging
Batting: RHB Jesus Vialpando 0-0: Foul Ball, location: 2F
0-1: Ball
1-1: Fly out, F7 (Flyball, 7LS, EV 91.2 MPH)
Top of the 4th over - 0 runs, 0 hits, 0 errors, 0 left on base; Midland 3 - San Antonio 0
BOTTOM OF THE 4TH
San Antonio Missions batting - Pitching for Midland RockHounds : RHP Alex Urena
Batting: LHB Juan Carrazana 0-0: Ball
1-0: Swinging Strike
1-1: Swinging Strike
1-2: Foul Ball, location: 2F
1-2: Ball
2-2: DOUBLE (Line Drive, 89D, EV 106.2 MPH)
Batting: SHB Jeremy Fleming 0-0: Ball
1-0: Swinging Strike
1-1: Foul Ball, location: 2F
1-2: Strikes out swinging
Batting: LHB Bradley Anderson 0-0: Foul Ball, location: 2F
0-1: Swinging Strike
0-2: Ball
1-2: Foul Ball, location: 2F
1-2: Ball
2-2: Foul Ball, location: 2F
2-2: Ball
3-2: Ground out 6-3 (Groundball, 6MD, EV 98.8 MPH)
Juan Carrazana to third
Batting: LHB Marvin Rivas 0-0: Ball
1-0: Foul Ball, location: 2F
1-1: Ball
2-1: Foul Ball, location: 2F
2-2: Strikes out swinging
Bottom of the 4th over - 0 runs, 1 hit, 0 errors, 1 left on base; Midland 3 - San Antonio 0
TOP OF THE 5TH
Midland RockHounds batting - Pitching for San Antonio Missions : RHP Rudi Hawks
Batting: RHB Courtland Burroughs 0-0: Swinging Strike
0-1: Ball
1-1: Foul Ball, location: 2F
1-2: Ball
2-2: Ball
3-2: Fly out, F7 (Flyball, 7S, EV 93.1 MPH)
Batting: LHB Travis Hatcher 0-0: Called Strike
0-1: Ball
1-1: Foul Ball, location: 2F
1-2: SINGLE (Line Drive, 56D, EV 100.0 MPH)
Batting: LHB Condelo Mendez 0-0: Ball
1-0: Ball
2-0: Ball
3-0: Called Strike
3-1: Fly out, F8 (Flyball, 8LM, EV 91.2 MPH)
Batting: LHB Vernon Jones 0-0: Ball
1-0: Called Strike
1-1: Swinging Strike
1-2: Strikes out swinging
Top of the 5th over - 0 runs, 1 hit, 0 errors, 1 left on base; Midland 3 - San Antonio 0
BOTTOM OF THE 5TH
San Antonio Missions batting - Pitching for Midland RockHounds : RHP Alex Urena
Batting: RHB Ruben Ruiz 0-0: Ball
1-0: Foul Ball, location: 2F
1-1: Fly out, F8 (Flyball, 89D, EV 95.0 MPH)
Batting: LHB Caleb Jacobsen 0-0: Called Strike
0-1: Foul Ball, location: 2F
0-2: Foul Ball, location: 2F
0-2: Ball
1-2: Foul Ball, location: 2F
1-2: Ball
2-2: Ball
3-2: Base on Balls
Batting: RHB Kenny Fragola 0-0: Ball
1-0: Called Strike
1-1: Ball
2-1: Foul Ball, location: 2F
2-2: Grounds into double play, 3-6-1 (Groundball, 13, EV 88.8 MPH)
Bottom of the 5th over - 0 runs, 0 hits, 0 errors, 0 left on base; Midland 3 - San Antonio 0
TOP OF THE 6TH
Midland RockHounds batting - Pitching for San Antonio Missions : RHP Rudi Hawks
Batting: RHB Jameson Cooper 0-0: Called Strike
0-1: Ball
1-1: Ball
2-1: Swinging Strike
2-2: Ball
3-2: Strikes out looking
Pitching: RHP Alex Perez
Batting: LHB Bruce Finley 0-0: Fly out, F8 (Line Drive, 8LM, EV 95.0 MPH)
Batting: RHB Ryan Curet 0-0: Ball
1-0: Ball
2-0: SINGLE (Line Drive, 7S, EV 93.8 MPH)
Batting: RHB Orlando Sosa 0-0: Ground out U3 (Groundball, 3, EV 86.9 MPH)
Top of the 6th over - 0 runs, 1 hit, 0 errors, 1 left on base; Midland 3 - San Antonio 0
BOTTOM OF THE 6TH
San Antonio Missions batting - Pitching for Midland RockHounds : RHP Alex Urena
Batting: LHB A.J. De Luis 0-0: Called Strike
0-1: Ball
1-1: Swinging Strike
1-2: Ball
2-2: Foul Ball, location: 2F
2-2: SINGLE (Groundball, 34D, EV 94.4 MPH)
Pitching: RHP Matt Graham
Batting: LHB Preston Dice 0-0: Ball
1-0: Foul Ball, location: 2F
1-1: Ball
2-1: SINGLE (Groundball, 4D, EV 105.0 MPH)
A.J. De Luis to second
Runner from 2nd tries for 3rd, SAFE, no throw by RF
Batting: LHB Juan Carrazana 0-0: Grounds into double play, 4-6-3 (Groundball, 34, EV 86.2 MPH)
A.J. De Luis scores
Batting: SHB Jeremy Fleming 0-0: Swinging Strike
0-1: Called Strike
0-2: Foul Ball, location: 2F
0-2: Ball
1-2: Ball
2-2: Ball
3-2: Base on Balls
Batting: LHB Bradley Anderson 0-0: Called Strike
0-1: Called Strike
0-2: Ball
1-2: Foul Ball, location: 2F
1-2: Ball
2-2: Ball
3-2: Foul Ball, location: 2F
3-2: Foul Ball, location: 2F
3-2: SINGLE (Line Drive, 56D, EV 95.6 MPH)
Jeremy Fleming to second
Jeremy Fleming to third
Batting: LHB Marvin Rivas 0-0: Ball
1-0: Foul Ball, location: 2F
1-1: Ball
2-1: SINGLE (Line Drive, 78M, EV 106.9 MPH)
Jeremy Fleming scores
Bradley Anderson to second
Batting: RHB Ruben Ruiz 0-0: Ball
1-0: Ball
2-0: Ball
3-0: Called Strike
3-1: Foul Ball, location: 2F
3-2: Base on Balls
Bradley Anderson to third
Marvin Rivas to second
Batting: LHB Caleb Jacobsen 0-0: Ball
1-0: Called Strike
1-1: Ball
2-1: Fly out, F8 (Flyball, 8RM, EV 88.1 MPH)
Bottom of the 6th over - 2 runs, 4 hits, 0 errors, 3 left on base; Midland 3 - San Antonio 2
TOP OF THE 7TH
Midland RockHounds batting - Pitching for San Antonio Missions : RHP Alex Perez
Batting: RHB Jesus Vialpando 0-0: Foul Ball, location: 2F
0-1: Called Strike
0-2: Foul Ball, location: 2F
0-2: Ball
1-2: Fly out, F9 (Flyball, 9S, EV 86.2 MPH)
Batting: RHB Courtland Burroughs 0-0: Ball
1-0: Swinging Strike
1-1: Swinging Strike
1-2: Ball
2-2: Ball
3-2: Strikes out looking
Batting: LHB Travis Hatcher 0-0: Called Strike
0-1: Ball
1-1: Foul Ball, location: 2F
1-2: Ball
2-2: Foul Ball, location: 2F
2-2: Foul Ball, location: 2F
2-2: Reached on error, E3 (Groundball, 34, EV 91.9 MPH)
Batting: LHB Condelo Mendez 0-0: Called Strike
0-1: Ball
1-1: Foul Ball, location: 2F
1-2: Strikes out swinging
Top of the 7th over - 0 runs, 0 hits, 1 error, 1 left on base; Midland 3 - San Antonio 2
BOTTOM OF THE 7TH
San Antonio Missions batting - Pitching for Midland RockHounds : RHP Matt Graham
Batting: RHB Kenny Fragola 0-0: Called Strike
0-1: Fly out, F8 (Flyball, 78M, EV 76.2 MPH)
Batting: LHB A.J. De Luis 0-0: Ball
1-0: Swinging Strike
1-1: Ball
2-1: Ball
3-1: Foul Ball, location: 2F
3-2: Base on Balls
Pitching: LHP Ruben Garcia
Batting: LHB Preston Dice
Pinch Hitting: RHB Laurence Bassano 0-0: Ball
1-0: Fielders Choice at 2nd, 5-4 (Groundball, 56, EV 81.2 MPH)
Pinch Hitting: SHB Chris Mobbs 0-0: Ball
1-0: Ball
2-0: Called Strike
2-1: Ground out 5-3 (Groundball, 56S, EV 85.6 MPH)
Bottom of the 7th over - 0 runs, 0 hits, 0 errors, 1 left on base; Midland 3 - San Antonio 2
TOP OF THE 8TH
Midland RockHounds batting - Pitching for San Antonio Missions : RHP Alex Perez
Pitching: LHP Lance Madden
Now at 1B: Laurence Bassano
Now in LF: Chris Mobbs
Batting: LHB Vernon Jones 0-0: Called Strike
0-1: Called Strike
0-2: Ground out 5-3 (Groundball, 5, EV 102.5 MPH)
Pitching: LHP Cameron Mingle
Batting: RHB Jameson Cooper 0-0: Swinging Strike
0-1: Ball
1-1: Foul Ball, location: 2F
1-2: Ball
2-2: Ball
3-2: Strikes out swinging
Batting: LHB Bruce Finley 0-0: Ball
1-0: Foul Ball, location: 2F
1-1: Swinging Strike
1-2: Foul Ball, location: 2F
1-2: Ball
2-2: Ball
3-2: Foul Ball, location: 2F
3-2: SINGLE (Groundball, 34D, EV 93.8 MPH)
Batting: RHB Ryan Curet 0-0: Called Strike
0-1: Ball
1-1: Called Strike
1-2: Fielders Choice at 2nd, 6-4 (Groundball, 6, EV 102.5 MPH)
Top of the 8th over - 0 runs, 1 hit, 0 errors, 1 left on base; Midland 3 - San Antonio 2
BOTTOM OF THE 8TH
San Antonio Missions batting - Pitching for Midland RockHounds : LHP Ruben Garcia
Batting: SHB Jeremy Fleming 0-0: Ball
1-0: Ball
2-0: Ball
3-0: Called Strike
3-1: Called Strike
3-2: SINGLE (Line Drive, 3D, EV 98.8 MPH)
Batting: RHB Mark Rittenhouse 0-0: Ball
1-0: Called Strike
1-1: Foul Ball, location: 2F
1-2: Foul Ball, location: 2F
1-2: Ball
2-2: Foul Ball, location: 2F
2-2: Foul Ball, location: 2F
2-2: Strikes out looking
Batting: LHB Marvin Rivas 0-0: Swinging Strike
0-1: Ball
1-1: Ball
2-1: Swinging Strike
2-2: Fly out, F8 (Flyball, 8LS, EV 93.1 MPH)
Pitching: RHP Brad Galloway
Batting: RHB Ruben Ruiz 0-0: Foul Ball, location: 2F
0-1: Swinging Strike
0-2: Strikes out swinging
Bottom of the 8th over - 0 runs, 1 hit, 0 errors, 1 left on base; Midland 3 - San Antonio 2
TOP OF THE 9TH
Midland RockHounds batting - Pitching for San Antonio Missions : LHP Cameron Mingle
Batting: RHB Orlando Sosa 0-0: Ball
1-0: SOLO HOME RUN (Flyball, 7D, EV 101.2 MPH), Distance : 373 ft
Batting: RHB Jesus Vialpando 0-0: Fly out, F9 (Line Drive, 9, EV 94.4 MPH)
Batting: RHB Courtland Burroughs 0-0: Ball
1-0: Called Strike
1-1: Swinging Strike
1-2: Foul Ball, location: 2F
1-2: Hit by Pitch
Batting: LHB Travis Hatcher 0-0: Ball
1-0: Ball
2-0: SINGLE (Line Drive, 8LS, EV 90.0 MPH)
Courtland Burroughs to second
Batting: LHB Condelo Mendez 0-0: Ball
Courtland Burroughs steals 3rd base
Travis Hatcher to second
1-0: Called Strike
1-1: SINGLE (Line Drive, 6MD, EV 94.4 MPH)
Courtland Burroughs scores
Travis Hatcher to third
Runner from 3rd tries for Home, SAFE, throw by CF to home
Pitching: LHP Chidozie Moses
Batting: LHB Vernon Jones 0-0: Foul Ball, location: 2F
0-1: Ball
1-1: Swinging Strike
1-2: DOUBLE (Flyball, 8RXD, EV 110.0 MPH)
Condelo Mendez to third
Batting: RHB Jameson Cooper 0-0: Ball
1-0: Ball
2-0: Called Strike
2-1: Ball
3-1: Base on Balls
Batting: LHB Bruce Finley 0-0: Called Strike
0-1: Foul Ball, location: 2F
0-2: Ball
1-2: Ball
2-2: Foul Ball, location: 2F
2-2: Ball
3-2: Fielders Choice at 2nd, 3-6 (Groundball, 3, EV 80.6 MPH)
Condelo Mendez scores
Vernon Jones to third
Batting: RHB Ryan Curet 0-0: Swinging Strike
0-1: Called Strike
0-2: Ground out 4-3 (Groundball, 4S, EV 71.9 MPH)
Top of the 9th over - 4 runs, 4 hits, 0 errors, 2 left on base; Midland 7 - San Antonio 2
BOTTOM OF THE 9TH
San Antonio Missions batting - Pitching for Midland RockHounds : RHP Brad Galloway
Batting: LHB Caleb Jacobsen 0-0: Swinging Strike
0-1: Ball
1-1: Ball
2-1: Swinging Strike
2-2: Ground out U3 (Groundball, 3, EV 87.5 MPH)
Batting: RHB Kenny Fragola 0-0: Ball
1-0: Foul Ball, location: 2F
1-1: Called Strike
1-2: Foul Ball, location: 2F
1-2: Fly out, F7 (Flyball, 78S, EV 87.5 MPH)
Batting: LHB A.J. De Luis 0-0: Called Strike
0-1: Ball
1-1: Foul Ball, location: 2F
1-2: Fly out, F9 (Flyball, 9D, EV 83.8 MPH)
Bottom of the 9th over - 0 runs, 0 hits, 0 errors, 0 left on base; Midland 7 - San Antonio 2
Friday, May 3rd , 2024 - OOTP Baseball 24.11 Build 85